 Dungeon Crawl Stone Soup version 0.29-a0-275-g389c0b56f3 (webtiles) character file.

Game seed: 13595059703856742767

5754 sammy202020 the Protected (level 10, -15/92 HPs)
             Began as a Minotaur Fighter on Mar 10, 2022.
             Demolished by a two-headed ogre
             ... wielding a +0 giant spiked club
              (30 damage)
             ... on level 8 of the Dungeon.
             The game lasted 00:15:18 (6456 turns).

sammy202020 the Protected (Minotaur Fighter)        Turns: 6456, Time: 00:15:18

Health: -15/92     AC: 18    Str: 21    XL:     10   Next: 49%
Magic:  9/9        EV:  7    Int:  9    God:
Gold:   442        SH: 17    Dex: 10    Spells: 9/9 levels left

rFire   + . .      SeeInvis .   a - +0 war axe (protect)
rCold   . . .      Faith    .   q - +2 tower shield
rNeg    . . .      Spirit   .   v - +0 chain mail
rPois   .          Reflect  .   (helmet restricted)
rElec   .          Harm     .   (no cloak)
rCorr   .          Rampage  .   (no gloves)
Will    +....                   (no boots)
Stlth   ..........              (no amulet)
HPRegen 0.25/turn               t - ring of protection from fire
MPRegen 0.11/turn               h - ring of willpower

@: mighty, under a protective aura, on berserk cooldown, slowed, studying
Dodging, very slow
A: horns 2, retaliatory headbutt
a: no special abilities


You were on level 8 of the Dungeon.
You visited 1 branch of the dungeon, and saw 8 of its levels.
You also visited: Sewer.

You collected 442 gold pieces.

Inventory:

Hand Weapons
 a - a +0 war axe of protection (weapon)
 y - a +0 flail
 C - a +0 broad axe
Missiles
 c - 33 poisoned darts
 m - 5 curare-tipped darts
 o - 5 boomerangs (quivered)
Armour
 q - a +2 tower shield (worn)
 v - a +0 chain mail (worn)
Jewellery
 e - a +6 ring of strength
 g - a ring of magical power
 h - a ring of willpower (right hand)
 t - a ring of protection from fire (left hand)
 z - a ring of flight
 A - a +6 ring of intelligence
 D - an amulet of magic regeneration
Wands
 b - a wand of acid (7)
 l - a wand of flame (15)
 B - a wand of iceblast (13)
Scrolls
 j - a scroll of fog
 k - 3 scrolls of vulnerability
 n - a scroll of identify
 u - a scroll of enchant armour
 w - a scroll of amnesia
Potions
 d - a potion of might
 i - 2 potions of curing
 p - a potion of attraction
 r - 2 potions of flight
 s - a potion of brilliance
 E - 2 potions of invisibility {unknown}
 F - a potion of resistance {unknown}


   Skills:
 * Level 9.7 Fighting
 * Level 9.2 Axes
 * Level 9.8 Armour
 + Level 7.1 Dodging
 * Level 9.6 Shields


You had 9 spell levels left.
You didn't know any spells.
Your spell library contained the following spells:

 Spells                   Type           Power      Damage    Failure   Level
 Beastly Appendage        Tmut           0%         N/A       100%        1
 Corpse Rot               Necr/Air       0%         N/A       100%        2
 Ensorcelled Hibernation  Hex/Ice        0%         N/A       100%        2
 Passwall                 Tmut/Erth      0%         N/A       100%        2
 Wereblood                Tmut           0%         N/A       100%        2
 Spider Form              Tmut/Pois      0%         N/A       100%        3
 Swiftness                Air            0%         N/A       100%        3
 Animate Dead             Necr           0%         N/A       100%        4
 Dispel Undead            Necr           0%         3d6       100%        4
 Death Channel            Necr           0%         N/A       100%        6
 Haunt                    Necr/Summ      0%         N/A       100%        7
 Infestation              Necr           0%         N/A       100%        8


Dungeon Overview and Level Annotations

Branches:
Dungeon (8/15)             Temple (0/1) D:7           Sewer (visited)
   Lair: D:8-11

Altars:
Ashenzari
Elyvilon
Okawaru

Shops:
D:5 ?


Innate Abilities, Weirdness & Mutations

You have a pair of horns on your head.
You reflexively headbutt those who attack you in melee.


Message History

The basilisk gazes at you. You resist with almost no effort.
An orc comes into view. It is wielding a +0 falchion.
You block the komodo dragon's attack.
The orc shouts!
You slash the basilisk!
The basilisk is severely wounded.
You slash the komodo dragon! You block the basilisk's attack.
An orc comes into view. It is wielding a +0 whip.
The orc shouts!
You slash the basilisk!
The basilisk is almost dead.
You slash the komodo dragon!
You kill the komodo dragon!
The basilisk bites you!
* * * LOW HITPOINT WARNING * * *
You slash the basilisk!
You kill the basilisk!
You slash the orc priest!
The orc priest hits you but does no damage.
A two-headed ogre comes into view.
It is wielding two +0 giant spiked clubs.
The two-headed ogre shouts in stereo!
Items here: ! $ ) ? [ ††.
You slice the orc priest!!
You kill the orc priest!
You are no longer berserk.
You are exhausted.
You feel yourself slow down. You block the orc's attack.
You slash the orc!
You kill the orc!
You slash the orc!
You kill the orc!
You slash the two-headed ogre!
Your headbutt misses the two-headed ogre.
The two-headed ogre is lightly wounded.
You block the two-headed ogre's attack.
The two-headed ogre hits you but does no damage.
You feel very mighty all of a sudden.
The two-headed ogre hits you with a +0 giant spiked club!!
You die...

. ..## # #...# ##. .....##.#
### ........###### ######..
......).)†...## #.##..##
#.O@)[....###....##
#..#.###.........## #.
#..#.##########
################# ######
#...............# #.....
########.#.###########.....
#.# #.#.#####..........> #.#
#.........#######...
#.##########.######..........


You could see a two-headed ogre.

Vanquished Creatures
  A komodo dragon (D:8)
  Grinder (D:3)
  A hornet (D:7)
  Sigmund (D:2)
  5 yaks (D:8)
  2 wyverns (D:8)
  3 basilisks (D:8)
  An acid dragon (D:8)
  2 water moccasins (D:6)
  Duvessa (D:5)
  3 ice beasts
  An orc warrior (D:8)
  A sky beast (D:7)
  2 black bears
  2 ogres
  2 centaurs
  3 kobold brigands
  4 bullfrogs
  3 scorpions
  9 wights (D:7)
  Dowan (D:5)
  2 howler monkeys
  4 orc priests
  4 jellies
  2 hounds
  A gnoll shaman (D:8)
  4 iguanas
  Natasha (twice) (D:2)
  4 orc wizards
  5 gnolls (D:8)
  16 adders
  A river rat (D:4)
  A shadow imp (D:6)
  2 white imps
  An ufetubus (D:6)
  3 dart slugs
  4 worms
  21 orcs
  11 endoplasms
  10 giant cockroaches
  7 goblins
  3 hobgoblins
  6 quokkas
  5 ball pythons
  A bat (D:3)
  11 frilled lizards
  18 kobolds
  8 rats
206 creatures vanquished.

Notes
Turn   | Place    | Note
-------+----------+-------------------------------------------
     0 | D:1      | sammy202020 the Minotaur Fighter began the quest for the
                  | Orb.
     0 | D:1      | Reached XP level 1. HP: 19/19 MP: 0/0
   292 | D:1      | Found a faded altar of an unknown god.
   347 | D:1      | Reached XP level 2. HP: 22/27 MP: 1/1
   638 | D:2      | Noticed Sigmund
   639 | D:2      | Reached XP level 3. HP: 33/33 MP: 2/2
   647 | D:2      | Killed Sigmund
   648 | D:2      | Reached skill level 1 in Dodging
   648 | D:2      | Reached XP level 4. HP: 30/41 MP: 3/3
   648 | D:2      | Reached XP level 5. HP: 34/47 MP: 4/4
   933 | D:2      | Noticed Natasha
   939 | D:2      | Killed Natasha
   965 | D:2      | Noticed Natasha
   970 | D:2      | Killed Natasha
   971 | D:2      | Reached skill level 5 in Armour
   971 | D:2      | Reached skill level 5 in Shields
  1134 | D:3      | Reached XP level 6. HP: 52/55 MP: 5/5
  1143 | D:3      | Reached skill level 5 in Fighting
  1206 | D:3      | Identified the +10 dagger of Jusievink {vorpal, Str+2}
  1592 | D:3      | Noticed Grinder
  1607 | D:3      | Paralysed by Grinder for 5 turns
  1621 | D:3      | Killed Grinder
  1622 | D:3      | Reached XP level 7. HP: 6/61 MP: 6/6
  2029 | D:4      | Found an iron altar of Okawaru.
  2037 | D:4      | Found a white marble altar of Elyvilon.
  2521 | D:4      | Found a glowing drain.
  2525 | Sewer    | Entered a sewer
  2591 | Sewer    | Reached skill level 5 in Axes
  2859 | D:5      | Entered Level 5 of the Dungeon
  3207 | D:5      | Reached XP level 8. HP: 71/71 MP: 7/7
  3385 | D:5      | Found Ogeass's Magic Scroll Boutique.
  3401 | D:5      | Noticed Dowan
  3401 | D:5      | Noticed Duvessa
  3409 | D:5      | Killed Duvessa
  3432 | D:5      | Killed Dowan
  3892 | D:5      | Identified a scroll of acquirement
  3892 | D:5      | Acquired a manual of Dodging
  4197 | D:6      | Reached XP level 9. HP: 79/79 MP: 8/8
  4625 | D:7      | Reached skill level 5 in Dodging
  4690 | D:7      | Found a staircase to the Ecumenical Temple.
  5425 | D:7      | You fall into a shaft and drop 1 floor!
  5545 | D:8      | Reached XP level 10. HP: 57/90 MP: 9/9
  6089 | D:8      | Found a broken altar of Ashenzari.
  6450 | D:8      | Noticed a two-headed ogre
  6456 | D:8      | Demolished by a two-headed ogre

Illustrated notes

Levels and vault maps discovered:
D:1:      ebering_trefoil_3fold, layout_rooms,
          dreamdust_ecumenical_altar_statues
D:2:      layout_rooms, kennysheep_generic_room_10, uniq_sigmund, uniq_natasha
D:3:      layout_rooms, uniq_grinder
D:4:      layout_cave_pools, minitemple, gup_sewer_entry_spiral,
          kennysheep_generic_room_5
D:5:      layout_rooms, serial_shops,
          nicolae_shop_temple_entry_statues_fountains, minivault_27,
          uniq_duvessa
D:6:      layout_basic
D:7:      layout_loops_ring, minmay_temple_entry_offerings
D:8:      layout_loops_ring, lemuel_crystal_altar, erik_lair_dragon,
          nicolae_ossuary_entry_false_entrances

Skill      XL: |  1  2  3  4  5  6  7  8  9 10 |
---------------+-------------------------------+-----
Armour         | 4 5 6 7 9 |  9.8
Shields        | 4 5 6 7 8 9 |  9.6
Fighting       | 4 5 6 7 8 9 |  9.7
Axes           | 3 4 5 7 8 9 |  9.2
Dodging        | 1 2 4 6 7 |  7.1

Action                   |  1- 3 |  4- 6 |  7- 9 | 10-12 || total
-------------------------+-------+-------+-------+-------++-------
Melee: War axe           |    45 |    35 |   390 |    69 ||   539
       Headbutt          |     4 |    14 |    48 |    14 ||    80
       Dagger            |       |    49 |       |       ||    49
Throw: Boomerang         |       |       |    13 |       ||    13
  Use: Scroll            |     1 |     2 |    14 |     1 ||    18
       Potion            |       |       |     5 |     2 ||     7
Armor: Scale mail        |    18 |    28 |    64 |       ||   110
       Chain mail        |       |       |    79 |    22 ||   101
Dodge: Dodged            |    25 |    30 |   116 |    10 ||   181
Block: Buckler           |    11 |    18 |    16 |       ||    45
       Tower shield      |       |       |   285 |    53 ||   338

Table legend: (Time is in decaauts)
 A = Elapsed time spent in this place.
 B = Non-inter-level travel time spent in this place.
 C = Inter-level travel time spent in this place.
 D = Time resting spent in this place.
 E = Time spent auto-exploring this place.
 F = Levels seen in this place.
 G = Mean time per level.
                   A        B        C        D        E       F      G
               +--------+--------+--------+--------+--------+-----+--------+
         Total |   6756 |   6669 |     87 |      0 |   4740 |   9 |  750.7 |
       Dungeon |   6474 |   6387 |     87 |      0 |   4657 |   8 |  809.2 |
         Sewer |    282 |    282 |      0 |      0 |     83 |   1 |  282.0 |
               +--------+--------+--------+--------+--------+-----+--------+

Top non-repeatable levels by time:
     D:5: 1132 daAuts
     D:8: 1065 daAuts
     D:7: 886 daAuts
     D:3: 783 daAuts
     D:4: 774 daAuts
     D:6: 680 daAuts
     D:2: 623 daAuts
     D:1: 528 daAuts
   Sewer: 282 daAuts
